 Dungeon Crawl Stone Soup version 0.24-a0-446-g87df7205b4 (console) character file.

Game seed: 16522633780088549036

7198 nht the Grappler (level 10, -5/100 HPs)
             Began as a Troll Fighter on June 23, 2019.
             Was a High Priest of Okawaru.
             Slain by a manticore (13 damage)
             ... on level 10 of the Dungeon.
             The game lasted 00:12:04 (7648 turns).

nht the Grappler (Troll Fighter)                    Turns: 7648, Time: 00:12:05

Health: -5/100     AC: 10    Str: 26    XL:     10   Next: 87%
Magic:  10/12      EV: 13    Int:  7    God:    Okawaru [*****.]
Gold:   372        SH: 12    Dex:  9    Spells: 9/9 levels left

rFire    . . .     SeeInvis .     - Unarmed
rCold    . . .     Gourm    +   b - +0 shield
rNeg     . . .     Faith    .   a - +0 robe
rPois    +         Spirit   .   (helmet restricted)
rElec    .         Reflect  .   G - +0 cloak {MR+}
rCorr    .         Harm     .   (gloves unavailable)
MR       +....                  (boots unavailable)
Stlth    +++.......             (no amulet)
HPRegen  0.66/turn              E - +3 ring of protection
MPRegen  0.13/turn              H - ring of poison resistance

@: heroism
A: large, unfitting armour, claws 3, fast metabolism 3, gourmand, regeneration
1, shaggy fur 1, tough skin 3
a: Heroism, Finesse, Renounce Religion


You were on level 10 of the Dungeon.
You worshipped Okawaru.
Okawaru was extremely pleased with you.
You were completely stuffed.

You visited 2 branches of the dungeon, and saw 11 of its levels.
You also visited: Sewer.

You collected 372 gold pieces.

Inventory:

Hand Weapons
 x - the cursed +1 dagger of Fytipt {drain, MP+9, unknown}
   (You found it on level 5 of the Dungeon)

   A truly terrible weapon, it drains the life of those it strikes.
   It affects your magic capacity (+9).
   It has a curse placed upon it.
Missiles
 o - 8 silver boomerangs
 p - 3 atropa-tipped darts
 q - 8 poisoned darts (quivered)
 B - 11 boomerangs
Armour
 a - a +0 robe (worn)
 b - a +0 shield (worn)
 G - a +0 cloak of magic resistance (worn)
Jewellery
 g - an uncursed ring of magical power
 l - an uncursed ring of resist corrosion
 C - an uncursed ring of protection from fire
 E - a +3 ring of protection (left claw)
 H - a ring of poison resistance (right claw)
Wands
 A - a wand of random effects (5)
 F - a wand of flame (11)
Scrolls
 e - 2 scrolls of blinking
 k - 3 scrolls of remove curse
 n - 2 scrolls of teleportation
 u - 2 scrolls of amnesia
 v - a scroll of magic mapping
 y - a scroll of fear
Potions
 c - a potion of might
 f - a potion of ambrosia
 h - 7 potions of heal wounds
 i - 4 potions of magic
 j - 2 potions of mutation
 r - a potion of brilliance
 s - 8 potions of agility
 t - 6 potions of curing
 w - 2 potions of flight
 z - a potion of haste {unknown}
 D - a potion of cancellation {unknown}
Comestibles
 d - 14 rations
 m - a chunk of flesh


   Skills:
 + Level 6.4(11.4) Fighting
 + Level 6.4(11.4) Throwing
 - Level 2.4(7.4) Dodging
 + Level 6.4(11.4) Shields
 * Level 10.3(15.3) Unarmed Combat
 + Level 4.5 Invocations


You had 9 spell levels left.
You didn't know any spells.
Your spell library contained the following spells:

 Spells                   Type           Power        Failure   Level  Hunger
 Freeze                   Ice            #...         43%         1    ##.....
 Throw Frost              Conj/Ice       #.....       56%         2    ###....
 Ozocubu's Armour         Chrm/Ice       #.......     80%         3    ####...
 Summon Ice Beast         Ice/Summ       #.......     99%         4    #####..
 Throw Icicle             Conj/Ice       #.......     99%         4    #####..


Dungeon Overview and Level Annotations

Branches:
Dungeon (10/15)            Temple (1/1) D:5
   Lair: D:8-11         Orc: D:9-12

Altars:
Ashenzari
Cheibriados
Elyvilon
Gozag
Makhleb
Okawaru
Vehumet
Yredelemnul


Innate Abilities, Weirdness & Mutations

You are too large for most types of armour.
You have claws for hands.
Your metabolism is lightning-fast.
You like to eat raw meat.
Your natural rate of healing is unusually fast.
You are covered in fur. (AC +1)
You have extremely tough skin. (AC +3)


Message History

You block the manticore's attack. The manticore claws you.
The manticore claws you!
You barely miss the manticore.
The manticore is heavily wounded.
The manticore bites you.
* * * LOW HITPOINT WARNING * * *
The manticore claws you!
* * * LOW HITPOINT WARNING * * *
You block the manticore's attack.
You gain the combat prowess of a mighty hero.
The manticore closely misses you. The manticore claws you.
* * * LOW HITPOINT WARNING * * *
The manticore claws you.
* * * LOW HITPOINT WARNING * * *
You barely miss the manticore.
The manticore is heavily wounded.
You block the manticore's attack.
The manticore claws you but does no damage.
The manticore claws you!
You die...

█..........█
█..........█
█..<.....).█
+..........█
█.........<+
█........≈.█
█.......÷..█
█.......<..█


███████@████ █H█ █.█ █.█ █.. ██+ You could see a manticore.

Vanquished Creatures
  Erolcha (D:9)
  2 two-headed ogres
  Psyche (D:8)
  A hippogriff (D:8)
  Grum (D:9)
  A hungry ghost (D:9)
  Purgy (D:3)
  4 sky beasts
  An eye of draining (D:9)
  2 orc warriors
  3 ice beasts
  A black bear (D:9)
  3 wolves (D:9)
  5 ogres
  2 centaurs
  A crocodile (D:9)
  6 big kobolds (Sewer)
  2 bullfrogs
  3 scorpions
  11 killer bees
  3 electric eels (D:9)
  3 howler monkeys (D:9)
  3 crimson imps
  2 bullfrog zombies
  4 hounds
  A bullfrog skeleton (D:4)
  2 orc priests
  Crazy Yiuf (D:6)
  3 orc wizards
  9 worker ants
  2 iguanas (D:8)
  A hound zombie (D:6)
  A hound skeleton (D:7)
  3 gnolls (D:7)
  10 adders
  A shadow imp (D:9)
  An adder zombie (D:7)
  6 worms
  4 dart slugs
  7 leopard geckos
  17 orcs
  A ball python (Sewer)
  12 bats
  7 giant cockroaches
  7 goblins
  6 hobgoblins
  3 jackals
  11 kobolds
  A quokka (D:4)
  4 frilled lizards
  A leopard gecko skeleton (D:8)
  A leopard gecko zombie (D:6)
  12 rats
202 creatures vanquished.

Vanquished Creatures (others)
  An orc wizard (D:9)
  A plant (D:9)
2 creatures vanquished.

Grand Total: 204 creatures vanquished

Notes
Turn   | Place    | Note
-------+----------+-------------------------------------------
     0 | D:1      | nht the Troll Fighter began the quest for the Orb.
     0 | D:1      | Reached XP level 1. HP: 22/22 MP: 0/0
    86 | D:1      | Reached XP level 2. HP: 29/29 MP: 1/1
   740 | D:2      | Reached XP level 3. HP: 31/36 MP: 2/2
   746 | D:2      | Reached skill level 1 in Throwing
   938 | D:2      | Noticed a bullfrog
   946 | D:2      | Killed a bullfrog
   946 | D:2      | Reached skill level 3 in Unarmed Combat
   946 | D:2      | Reached XP level 4. HP: 35/45 MP: 3/3
  1515 | D:3      | Noticed Purgy
  1527 | D:3      | Killed Purgy
  1527 | D:3      | Reached skill level 4 in Unarmed Combat
  1527 | D:3      | Reached XP level 5. HP: 45/53 MP: 4/4
  1609 | D:3      | Found an opulent altar of Gozag.
  1788 | D:3      | Found a glowing drain.
  1793 | Sewer    | Entered a sewer
  1823 | Sewer    | Reached XP level 6. HP: 34/61 MP: 5/5
  1978 | Sewer    | Reached skill level 5 in Unarmed Combat
  1978 | Sewer    | Reached XP level 7. HP: 48/67 MP: 6/6
  3502 | D:5      | Entered Level 5 of the Dungeon
  3614 | D:5      | Reached skill level 6 in Unarmed Combat
  3713 | D:5      | Reached XP level 8. HP: 78/78 MP: 7/7
  3815 | D:5      | Found a burning altar of Makhleb.
  3969 | D:5      | Found a staircase to the Ecumenical Temple.
  4071 | D:5      | Got an encrusted dagger
  4084 | Temple   | Entered the Ecumenical Temple
  4096 | Temple   | Became a worshipper of Warmaster Okawaru
  4443 | D:6      | Reached skill level 7 in Unarmed Combat
  4958 | D:6      | Found a runed translucent door.
  4959 | D:6      | Noticed Crazy Yiuf
  5064 | D:6      | Killed Crazy Yiuf
  5130 | D:7      | Reached * piety under Okawaru
  5273 | D:7      | Reached skill level 5 in Shields
  5273 | D:7      | Reached skill level 1 in Invocations
  5283 | D:7      | Reached XP level 9. HP: 60/87 MP: 8/8
  5304 | D:7      | Reached skill level 5 in Fighting
  5438 | D:7      | Reached ** piety under Okawaru
  5438 | D:7      | Reached skill level 8 in Unarmed Combat
  5503 | D:7      | Reached skill level 5 in Throwing
  5514 | D:7      | Noticed a two-headed ogre
  5519 | D:7      | Killed a two-headed ogre
  5519 | D:7      | Reached *** piety under Okawaru
  5869 | D:8      | Reached skill level 9 in Unarmed Combat
  6071 | D:8      | Noticed Psyche
  6179 | D:8      | Reached XP level 10. HP: 98/98 MP: 11/11
  6327 | D:8      | Killed Psyche
  6799 | D:9      | Noticed a two-headed ogre
  6802 | D:9      | Reached **** piety under Okawaru
  6815 | D:9      | Killed a two-headed ogre
  6815 | D:9      | Received a gift from Okawaru
  6989 | D:9      | Noticed Erolcha
  6997 | D:9      | Killed Erolcha
  6997 | D:9      | Received a gift from Okawaru
  6997 | D:9      | Reached skill level 10 in Unarmed Combat
  7194 | D:9      | Noticed Grum
  7202 | D:9      | Reached ***** piety under Okawaru
  7243 | D:9      | Killed Grum
  7601 | D:10     | Entered Level 10 of the Dungeon
  7634 | D:10     | Noticed a manticore
  7648 | D:10     | Slain by a manticore

Levels and vault maps discovered:
D:1:      minmay_arrival_jagged, layout_loops_ring
D:2:      minmay_wonky_spiral, layout_loops_corners
D:3:      layout_loops_corners, lemuel_coloured_pillars_altar, first_ration,
          portal_sewer_entry_e, uniq_purgy
D:4:      layout_loops_corners
D:5:      layout_basic, makhleb_blood_cavern_becter,
          minmay_temple_entry_statues_fountains
D:6:      layout_basic, uniq_crazy_yiuf_cottage
D:7:      layout_cave_pools
D:8:      layout_cave_pods, serial_column_ruins, column_ruins_grid_1,
          column_ruins_open_small_water, column_ruins_columns_corner,
          column_ruins_grid_1, column_ruins_grid_1,
          column_ruins_columns_straight, column_ruins_columns_straight,
          uniq_psyche
D:9:      layout_long_grid, serial_bayou, serial_bayou_lagoon_a,
          serial_bayou_pond_d, serial_bayou_pond_d, serial_bayou_pond_c,
          uniq_grum, uniq_erolcha
D:10:     layout_roguey, erik_lair_dragon, erik_orc_4
Temple:   regret_index_temple_chain_breaker

Skill      XL: |  1  2  3  4  5  6  7  8  9 10 |
---------------+-------------------------------+-----
Throwing       | 1 2 3 4 5 6 |  6.4
Fighting       | 3 4 5 6 |  6.4
Shields        | 3 4 5 6 |  6.4
Unarmed Combat | 3 4 5 6 7 9 10 | 10.3
Invocations    | 1 3 4 |  4.5
Dodging        | |  2.4

Action                   |  1- 3 |  4- 6 |  7- 9 | 10-12 || total
-------------------------+-------+-------+-------+-------++-------
Melee: Unarmed           |   103 |   118 |   366 |   143 ||   730
Throw: Dart              |       |       |    34 |    12 ||    46
       Boomerang         |       |       |     2 |       ||     2
Invok: Heroism           |       |       |     1 |     1 ||     2
Evoke: Wand              |       |       |     4 |    28 ||    32
  Use: Potion            |       |     1 |     3 |       ||     4
       Scroll            |       |       |    17 |     5 ||    22
 Stab: Sleeping          |       |     2 |     1 |     1 ||     4
  Eat: Chunk             |    14 |    10 |    38 |    19 ||    81
Armor: Robe              |    32 |    69 |   108 |    48 ||   257
Dodge: Dodged            |    33 |    57 |   124 |    41 ||   255
Block: Shield            |    51 |    74 |   146 |    59 ||   330

Table legend:
 A = Non-vault XP
 B = Vault XP
 C = Vault XP percentage of total XP
 D = Non-vault monster count
 E = Vault monster count
 F = Vault count percentage of total count
                 A         B        C        D         E       F
            +---------+---------+-------+---------+---------+-------
      Total |    7414 |    2869 |  27.9 |     166 |      37 |  18.2
            +---------+---------+-------+---------+---------+-------
        D:1 |      32 |       0 |   0.0 |      20 |       0 |   0.0
        D:2 |     152 |       5 |   3.2 |      20 |       4 |  16.7
        D:3 |      36 |     142 |  79.8 |      11 |       1 |   8.3
        D:4 |     230 |       0 |   0.0 |      13 |       0 |   0.0
        D:5 |     417 |      45 |   9.7 |      12 |       1 |   7.7
        D:6 |     545 |      40 |   6.8 |      12 |       1 |   7.7
        D:7 |    2719 |       0 |   0.0 |      38 |       0 |   0.0
        D:8 |     800 |     463 |  36.7 |      12 |       1 |   7.7
        D:9 |    2309 |    1566 |  40.4 |      26 |       5 |  16.1
       D:10 |     174 |       0 |   0.0 |       2 |       0 |   0.0
      Sewer |       0 |     608 | 100.0 |       0 |      24 | 100.0
            +---------+---------+-------+---------+---------+-------
